 Dungeon Crawl Stone Soup version 0.25-a0-1119-g28b6fd0c3b (webtiles) character file.

Game seed: 10888451120909142568, levelgen mode: deterministic

0 Maedhros the Charlatan (level 1, -7/13 HPs)
             Began as an Octopode Artificer on May 18, 2020.
             Killed from afar by Sigmund (8 damage)
             ... with a puff of flame
             ... on level 2 of the Dungeon.
             The game lasted 00:00:22 (61 turns).

Maedhros the Charlatan (Octopode Artificer)           Turns: 61, Time: 00:00:22

Health: -7/13      AC:  1    Str: 11    XL:     1   Next: 10%
Magic:  3/3        EV: 13    Int: 13    God:
Gold:   14         SH:  0    Dex: 12    Spells: 0/0 levels left

rFire    . . .     SeeInvis .   a - +0 short sword
rCold    . . .     Gourm    .   (no shield)
rNeg     . . .     Faith    .   (helmet restricted)
rPois    .         Spirit   .   (no amulet)
rElec    .         Reflect  .   (no ring)
rCorr    .         Harm     .   (no ring)
MR       .....                  (no ring)
Stlth    ++........             (no ring)
HPRegen  0.04/turn              (no ring)
MPRegen  0.08/turn              (no ring)
                                (no ring)
                                (no ring)

@: confused
A: almost no armour, stealthy swim, amphibious, 8 rings, constrict 8, camouflage
1, gelatinous body 1
a: no special abilities


You were on level 2 of the Dungeon.
You were not hungry.

You visited 1 branch of the dungeon, and saw 2 of its levels.

You collected 14 gold pieces.

Inventory:

Hand Weapons
 a - a +0 short sword (weapon)
Wands
 b - a wand of flame (15)
 c - a wand of enslavement (15)
 d - a wand of random effects (15)
Comestibles
 f - 3 rations


   Skills:
 - Level 1.0 Fighting
 - Level 1.0 Short Blades
 - Level 2.0 Dodging
 + Level 1.5 Stealth
 - Level 3.2 Evocations


You couldn't memorise any spells.
You didn't know any spells.
Your spell library was empty.

Dungeon Overview and Level Annotations

Branches:
Dungeon (2/15)

Altars:

Annotations:
D:2 Sigmund


Innate Abilities, Weirdness & Mutations

You cannot wear most types of armour.
You are very stealthy in the water. (Stealth+)
You are amphibious.
You can wear up to eight rings at the same time.
You can use your tentacles to constrict eight enemies at once.
Your skin changes colour to match your surroundings (Stealth+).
Your rubbery body absorbs attacks. (AC +1, EV +1)


Message History

Sigmund the Dreaded comes into view.
He is wielding a +0 scythe and carrying a wand of flame (17).
You closely miss the frilled lizard. Your grab misses the frilled lizard.
The frilled lizard barely misses you.
You hit the frilled lizard but do no damage.
You grab the frilled lizard. You constrict the frilled lizard.
The frilled lizard closely misses you.
You hit the frilled lizard.
You kill the frilled lizard!
Sigmund points at you and mumbles some strange words.
You are confused.
Evoke which item? (* to show all) (? for menu, Esc to quit)
Okay, then.
It was a potion of heal wounds.
You feel much better. Sigmund misses you.
You see here a frilled lizard corpse.
You closely miss Sigmund. Sigmund hits you with a +0 scythe!
Ouch! That really hurt!
* * * LOW HITPOINT WARNING * * *
You completely miss Sigmund.
Sigmund zaps a wand.
The puff of flame hits you!
Ouch! That really hurt!
You die...

######.#######...........#
#.# ##...........#
######.# #............#
.......# #............#
######## #............#
#.############ #.# ...
#.###@# #.#.@.# #.#.####
#.#....# #.####.# #.# #.#
#.# #.# #.####.# #......#
########


You could see Sigmund.

Vanquished Creatures
  A frilled lizard (D:2)
1 creature vanquished.

Notes
Turn   | Place    | Note
-------+----------+-------------------------------------------
     0 | D:1      | Maedhros the Octopode Artificer began the quest for the
                  | Orb.
     0 | D:1      | Reached XP level 1. HP: 13/13 MP: 3/3
    54 | D:2      | Noticed Sigmund
    61 | D:2      | Killed from afar by Sigmund

Illustrated notes

Levels and vault maps discovered:
D:1:      lightli_molten_gateway, layout_loops_ring
D:2:      kennysheep_the_goblin_king, layout_basic, overflow_temple_1_default,
          first_ration, solitary_fountain, uniq_sigmund, uniq_natasha

Action                   || total
-------------------------++-------
Melee: Short sword       ||     5
       Constrict         ||     1
  Use: Potion            ||     1
Dodge: Dodged            ||     3

Table legend:
 A = Non-vault XP
 B = Vault XP
 C = Vault XP percentage of total XP
 D = Non-vault monster count
 E = Vault monster count
 F = Vault count percentage of total count
                 A         B        C        D         E       F
            +---------+---------+-------+---------+---------+-------
      Total |       1 |       0 |   0.0 |       1 |       0 |   0.0
            +---------+---------+-------+---------+---------+-------
        D:2 |       1 |       0 |   0.0 |       1 |       0 |   0.0
            +---------+---------+-------+---------+---------+-------
